 Dungeon Crawl Stone Soup version 0.31.0-11-ge490571c62 (webtiles) character file.

Game seed: 11366399681871613859

66 boopmooplesden the Twirler (level 3, -4/31 HPs)
             Began as a Minotaur Gladiator on Jan 28, 2024.
             Slain by Grinder (6 damage)
             ... on level 3 of the Dungeon.
             The game lasted 00:01:48 (1602 turns).

boopmooplesden the Twirler (Minotaur Gladiator)     Turns: 1602, Time: 00:01:50

Health: -4/31      AC:  3    Str: 20    XL:     3   Next: 96%
Magic:  2/2        EV: 12    Int:  5    God:
Gold:   47         SH:  0    Dex: 11    Spells: 2/2 levels left

rFire   . . .        a - +0 quarterstaff
rCold   . . .        (shield currently unavailable)
rNeg    . . .        b - +0 leather armour
rPois   .            c - +0 hat
rElec   .            (no cloak)
rCorr   .            (no gloves)
SInv    .            (no boots)
Will    .....        n - amulet of the acrobat
Stlth   +            (no ring)
HPRegen 0.25/turn    (no ring)
MPRegen 0.08/turn

%: acrobat
@: no status effects
A: horns 2, retaliatory headbutt
a: no special abilities


You were on level 3 of the Dungeon.
You visited 1 branch of the dungeon, and saw 3 of its levels.

You collected 47 gold pieces.

Inventory:

Hand Weapons
 a - a +0 quarterstaff (weapon)
Missiles
 d - 3 throwing nets (quivered)
 e - a javelin
Armour
 b - a +0 leather armour (worn)
 c - a +0 hat (worn)
Jewellery
 i - a ring of resist corrosion
 n - an amulet of the acrobat (around neck)
Scrolls
 f - 2 scrolls of identify {unknown}
 h - 2 scrolls of blinking {unknown}
 j - 2 scrolls of poison {unknown}
 k - 2 scrolls of teleportation {unknown}
 m - a scroll of enchant weapon {unknown}
 o - a scroll of acquirement {unknown}
 p - a scroll of enchant armour {unknown}
Potions
 g - a potion of lignification {unknown}
 l - a potion of haste {unknown}
 q - 2 potions of mutation {unknown}
 r - a potion of curing {unknown}


   Skills:
 + Level 3.0 Fighting
 + Level 4.7 Staves
 + Level 2.2 Throwing
 + Level 1.1 Armour
 + Level 3.9 Dodging


You had 2 spell levels left.
You didn't know any spells.
Your spell library contained the following spells:

 Spells                   Type           Power      Damage    Failure   Level
 Apportation              Tloc           0%         N/A       54%         1
 Necrotise                Necr           0%         1d4       54%         1
 Sting                    Conj/Alch      0%         1d3       54%         1
 Summon Small Mammal      Summ           0%         N/A       54%         1
 Static Discharge         Conj/Air       0%         3-3/arc   67%         2
 Airstrike                Air            0%         2d(0-16)  99%         4
 Summon Lightning Spire   Summ/Air       0%         N/A       99%         4


Dungeon Overview and Level Annotations

Branches:
Dungeon (3/15)

Altars:

Annotations:
D:3 Grinder


Innate Abilities, Weirdness & Mutations

You have a pair of horns on your head.
You reflexively headbutt those who attack you in melee.


Message History

Things that are here:
a +0 dagger; an orc corpse
Okay, then.
You sock Grinder!
Grinder is moderately wounded.
Grinder barely misses you.
You completely miss Grinder.
Grinder is moderately wounded.
Grinder blinks!
An orc comes into view.
It is wielding a +1 hand axe of freezing.
An orc comes into view. It is wielding a +0 hand axe.
You sock the orc!
You kill the orc!
You hit the orc.
The orc is heavily wounded.
The orc misses you. You furiously retaliate!
You headbutt the orc.
You kill the orc!
Your Fighting skill increases to level 3!
You sock Grinder!
Grinder is heavily wounded.
Grinder hits you!
You writhe in agony.
You closely miss Grinder.
Grinder is heavily wounded.
Grinder hits you.
An orc priest comes into view. It is wielding a +0 whip.
The orc priest shouts!
You hit Grinder but do no damage.
Grinder is heavily wounded.
Grinder barely misses you.
You barely miss Grinder. You headbutt Grinder.
Grinder is severely wounded.
Grinder hits you!
You writhe in agony.
* * * LOW HITPOINT WARNING * * *
You hit Grinder.
Grinder is severely wounded.
Grinder hits you.
* * * LOW HITPOINT WARNING * * *
You writhe in agony.
You die...
Grinder says, "Now the real fun starts!"

. #........#
#.########....+
#.#.#.#.#.#...#
#.#.#.#.#.#..#
#.#.#.#.#.###
#.#.#.#.##
#.#.#.#.#
.#.#5#.##
#.#@#.#.#
.#.#)#.## #.#
#.#.# #.# #.##
#.# #o# #.# #..
## .## #


You could see Grinder and an orc priest.

Vanquished Creatures
  A gnoll (D:1)
  A dart slug (D:1)
  4 orcs (D:3)
  3 endoplasms (D:1)
  6 giant cockroaches
  4 goblins
  3 hobgoblins
  A quokka (D:2)
  5 ball pythons (D:1)
  7 bats
  3 frilled lizards
  4 kobolds
  6 rats
48 creatures vanquished.

Notes
Turn   | Place    | Note
-------+----------+-------------------------------------------
     0 | D:1      | boopmooplesden the Minotaur Gladiator began the quest for
                  | the Orb.
     0 | D:1      | Reached XP level 1. HP: 18/18 MP: 0/0
    11 | D:1      | Found a faded altar of an unknown god.
   139 | D:1      | Reached XP level 2. HP: 25/25 MP: 1/1
   234 | D:1      | Reached skill level 4 in Staves
   335 | D:1      | Reached XP level 3. HP: 9/30 MP: 2/2
   831 | D:2      | Reached skill level 1 in Armour
  1593 | D:3      | Noticed Grinder
  1602 | D:3      | Slain by Grinder

Illustrated notes

Levels and vault maps discovered:
D:1:      dpeg_arrival_pond, layout_basic, ebering_ecumenical_altar_abandoned
D:2:      wad_lake_hut, layout_basic
D:3:      layout_basic, fedhas_altar_4, minivault_23,
          nicolae_figureground_sparkle, uniq_grinder, uniq_natasha

Skill      XL: |  1  2  3 |
---------------+----------+-----
Staves         | 4 |  4.7
Armour         | 1 |  1.1
Fighting       | 3 |  3.0
Throwing       | |  2.2
Dodging        | |  3.9

Action                     || total
---------------------------++-------
  Melee: Quarterstaff      ||    89
         Headbutt          ||    11
  Throw: Throwing net      ||     1
   Stab: Sleeping          ||     1
 Armour: Leather armour    ||    60
  Dodge: Dodged            ||    88
